 Dungeon Crawl Stone Soup version 0.28-a0-1235-g7c8fac35f0 (webtiles) character file.

Game seed: 1304648137286036904

6539 Gargoyl the Fighter (level 11, -2/87 HPs)
             Began as a Gnoll Abyssal Knight on Dec 25, 2021.
             Was an Elder of Lugonu.
             Slain by a shadow (8 damage)
             ... on level 8 of the Dungeon.
             The game lasted 00:09:51 (11056 turns).

Gargoyl the Fighter (Gnoll Abyssal Knight)         Turns: 11056, Time: 00:09:52

Health: -2/87      AC: 15    Str: 20    XL:     11   Next: 1%
Magic:  19/19      EV: 10    Int: 10    God:    Lugonu [****..]
Gold:   266        SH: 10    Dex: 12    Spells: 21/21 levels left

rFire   . . .      SeeInvis .   a - +1 hand axe (drain)
rCold   . . .      Faith    .   p - +0 buckler
rNeg    + . .      Spirit   .   j - +1 chain mail of Life {Str+3}
rPois   .          Reflect  +   (no helmet)
rElec   .          Harm     .   n - +2 cloak
rCorr   .          Rampage  .   (no gloves)
Will    .....                   (no boots)
Stlth   ..........              b - amulet of reflection
HPRegen 0.24/turn               g - ring of positive energy
MPRegen 0.16/turn               (no ring)

@: studying Polearms
A: fangs 1, strong nose, distributed training
a: Renounce Religion, Depart the Abyss, Bend Space, Banish, Corrupt


You were on level 8 of the Dungeon.
You worshipped Lugonu.
Lugonu was greatly pleased with you.
You visited 1 branch of the dungeon, and saw 8 of its levels.
You visited the Abyss 1 time.

You collected 484 gold pieces.
You spent 218 gold pieces at shops.

Inventory:

Hand Weapons
 a - a +1 hand axe of draining (weapon)
 l - a +3 vampiric hand axe
Missiles
 f - 39 poisoned darts (quivered)
Armour
 j - the +1 chain mail of Life (worn) {Str+3}
   (You bought it in a shop on level 2 of the Dungeon)

   Str:       It affects your strength (+3).
 n - a +2 cloak (worn)
 p - a +0 buckler (worn)
Jewellery
 b - an amulet of reflection (around neck)
 g - a ring of positive energy (left hand)
Wands
 q - a wand of iceblast (9)
 r - a wand of charming (6)
Scrolls
 e - 2 scrolls of identify
 h - 2 scrolls of enchant armour
 k - 3 scrolls of teleportation
Potions
 c - 2 potions of curing
 d - 4 potions of attraction
 i - a potion of flight
 m - a potion of ambrosia
 o - 2 potions of might


   Skills:
 + Level 8.9 Fighting
 + Level 5.8 Short Blades
 + Level 5.8 Long Blades
 + Level 7.5 Axes
 + Level 5.8 Maces & Flails
 + Level 7.5 Polearms
 + Level 5.8 Staves
 + Level 5.8 Slings
 + Level 5.8 Bows
 + Level 5.8 Crossbows
 + Level 5.8 Throwing
 + Level 7.5 Armour
 + Level 6.4 Dodging
 + Level 5.8 Stealth
 + Level 5.8 Shields
 + Level 5.8 Unarmed Combat
 + Level 5.8 Spellcasting
 + Level 4.8 Conjurations
 + Level 4.8 Hexes
 + Level 4.8 Summonings
 + Level 4.8 Necromancy
 + Level 4.8 Translocations
 + Level 4.8 Transmutations
 + Level 4.8 Fire Magic
 + Level 4.8 Ice Magic
 + Level 4.8 Air Magic
 + Level 4.8 Earth Magic
 + Level 4.8 Poison Magic
 + Level 7.9 Invocations
 + Level 5.8 Evocations


You had 21 spell levels left.
You didn't know any spells.
Your spell library contained the following spells:

 Spells                   Type           Power      Damage    Failure   Level
 Animate Skeleton         Necr           24%        N/A       24%         1
 Apportation              Tloc           24%        N/A       24%         1
 Summon Small Mammal      Summ           48%        N/A       24%         1
 Call Canine Familiar     Summ           12%        N/A       56%         3
 Summon Guardian Golem    Hex/Summ       12%        N/A       56%         3


Dungeon Overview and Level Annotations

Branches:
Dungeon (8/15)             Temple (0/1) D:6            Lair (0/6) D:8

Altars:
Okawaru
Vehumet
Xom
The Shining One

Shops:
D:2 *


Innate Abilities, Weirdness & Mutations

You have very sharp teeth.
Your uncanny sense of smell can sniff out nearby items.
Your experience applies equally to all skills.


Message History

The shadow hits you.
You hit the shadow. Your bite misses the shadow.
The shadow is severely damaged.
The shadow slips into darkness.
The shadow flickers and vanishes!
Deactivating autopickup; reactivate with Ctrl-A.
You hit something but do no damage.
The shadow strikes at you from the darkness!
Reactivating autopickup.
You barely miss the shadow. Your bite misses the shadow.
The shadow is severely damaged.
The shadow hits you!
* * * LOW HITPOINT WARNING * * *
You barely miss the shadow.
The shadow is severely damaged.
The shadow closely misses you.
You hit the shadow but do no damage. You bite the shadow.
The shadow is severely damaged.
You block the shadow's attack.
You hit the shadow but do no damage. Your bite misses the shadow.
The shadow is severely damaged.
The shadow closely misses you.
You barely miss the shadow. You bite the shadow, but do no damage.
The shadow is severely damaged.
The shadow slips into darkness.
The shadow flickers and vanishes!
Deactivating autopickup; reactivate with Ctrl-A.
You closely miss something. You bite something. You barely miss something.
You bite something.
The shadow strikes at you from the darkness!
* * * LOW HITPOINT WARNING * * *
Reactivating autopickup.
You hit the shadow but do no damage.
The shadow is severely damaged.
The shadow slips into darkness.
The shadow flickers and vanishes!
Deactivating autopickup; reactivate with Ctrl-A.
You hit something but do no damage.
The shadow strikes at you from the darkness!
You die...

...........######..##,,,,,*,,,,,,
...........'........#,,,,,*,,,,,,
...........#........+,,,,,*,,,,,,
...........###'###+########.,,,,,
#'######+#..................,,,,,
...+,,,,,#..................,,,,,
..,*,,,,,#............./....,,,,,
..,*,,,,,#.........)).......,,,,,
,,,*,,,,,#......@..)########****,
,,,*,,,,,#......{...#,,,,,*,,,,,,
,,**,,,,,######.....#,,,,,*,,,,,*
,,,*,,,,,**,,,#.....#,,,,,*,,,,,+
,,,,,,,,,,,,,,#.....#,,,,,*,,,,,*
,,,,,,,,,,,,,,#.....#,,,,,*,,,,,*
,,,,,,,,,,,,,,'.....#,,,,,**,,,,*
,,**,,,,,****##.....#,,,,,*******
+***,,,,,**,,,##....#,,,,,,* *


There were no monsters in sight!

Vanquished Creatures
  Pikel (D:6)
  A komodo dragon (D:7)
  The ghost of Garessta the Destroyer, a novice DECj (D:5)
  2 wyverns
  5 yaks
  2 steam dragons (D:7)
  5 water moccasins
  A black bear (D:7)
  2 ice beasts
  2 orc warriors
  A sky beast (D:4)
  A necrophage (D:5)
  A centaur (D:6)
  A kobold brigand (D:6)
  2 bullfrogs
  6 scorpions
  A water moccasin zombie (D:5)
  A wyvern skeleton (D:7)
  4 howler monkeys
  2 bullfrog zombies
  3 centaur zombies
  4 hounds
  A jelly (D:6)
  5 orc priests
  A centaur skeleton (D:4)
  A gnoll shaman (D:5)
  An iguana (D:5)
  10 orc wizards
  A hound skeleton (D:2)
  6 adders
  6 gnolls
  A howler monkey skeleton (D:7)
  4 white imps
  2 adder skeletons (D:4)
  3 dart slugs
  29 orcs
  7 ball pythons
  5 endoplasms
  2 giant cockroaches
  7 goblins
  4 hobgoblins
  7 jackals
  2 quokkas
  6 bats
  17 kobolds
  5 rats
182 creatures vanquished.

Vanquished Creatures (others)
  41 fungi (D:8)
  A lurking horror (Abyss:1)
  70 plants
  5 starspawn tentacles (Abyss:1)
  2 withered plants (D:5)
119 creatures vanquished.

Grand Total: 301 creatures vanquished

Notes
Turn   | Place    | Note
-------+----------+-------------------------------------------
     0 | Abyss:1  | Gargoyl the Gnoll Abyssal Knight began the quest for the
                  | Orb.
     0 | Abyss:1  | Reached XP level 1. HP: 23/23 MP: 3/3
   218 | Abyss:1  | Reached XP level 2. HP: 2/29 MP: 5/5
   517 | Abyss:1  | Noticed a tentacled starspawn
   717 | Abyss:1  | Noticed a deep elf demonologist
   743 | Abyss:2  | Noticed a wretched star
   746 | D:1      | Escaped the Abyss
  1063 | D:1      | Reached * piety under Lugonu
  1406 | D:1      | Reached XP level 3. HP: 30/35 MP: 6/6
  1640 | D:2      | Found a faded altar of an unknown god.
  1716 | D:2      | Found Okkamic's Assorted Antiques.
  1841 | D:2      | Reached skill level 1 in Short Blades
  1841 | D:2      | Reached skill level 1 in Long Blades
  1841 | D:2      | Reached skill level 1 in Maces & Flails
  1841 | D:2      | Reached skill level 1 in Polearms
  1841 | D:2      | Reached skill level 1 in Staves
  1841 | D:2      | Reached skill level 1 in Slings
  1841 | D:2      | Reached skill level 1 in Bows
  1841 | D:2      | Reached skill level 1 in Crossbows
  1841 | D:2      | Reached skill level 1 in Throwing
  1841 | D:2      | Reached skill level 1 in Stealth
  1841 | D:2      | Reached skill level 1 in Shields
  1841 | D:2      | Reached skill level 1 in Unarmed Combat
  1841 | D:2      | Reached skill level 1 in Spellcasting
  1841 | D:2      | Reached skill level 1 in Evocations
  2002 | D:2      | Reached XP level 4. HP: 31/41 MP: 7/7
  2730 | D:3      | Reached skill level 1 in Conjurations
  2730 | D:3      | Reached skill level 1 in Hexes
  2730 | D:3      | Reached skill level 1 in Summonings
  2730 | D:3      | Reached skill level 1 in Necromancy
  2730 | D:3      | Reached skill level 1 in Translocations
  2730 | D:3      | Reached skill level 1 in Transmutations
  2730 | D:3      | Reached skill level 1 in Fire Magic
  2730 | D:3      | Reached skill level 1 in Ice Magic
  2730 | D:3      | Reached skill level 1 in Air Magic
  2730 | D:3      | Reached skill level 1 in Earth Magic
  2730 | D:3      | Reached skill level 1 in Poison Magic
  2732 | D:3      | Reached ** piety under Lugonu
  2771 | D:3      | Reached XP level 5. HP: 44/47 MP: 8/8
  3655 | D:4      | Identified a scroll of acquirement
  3655 | D:4      | Acquired a ring of positive energy
  3676 | D:4      | Reached skill level 5 in Invocations
  3676 | D:4      | Reached XP level 6. HP: 47/53 MP: 9/9
  3736 | D:4      | Reached skill level 5 in Axes
  3736 | D:4      | Reached skill level 5 in Armour
  3736 | D:4      | Noticed a sky beast
  3746 | D:4      | Killed a sky beast
  3789 | D:4      | Reached XP level 7. HP: 18/59 MP: 10/10
  3842 | D:4      | Reached *** piety under Lugonu
  3843 | D:4      | Reached skill level 7 in Fighting
  4292 | D:4      | Found a glowing golden altar of the Shining One.
  4636 | D:5      | Entered Level 5 of the Dungeon
  4735 | D:2      | Bought a steaming chain mail for 218 gold pieces
  4735 | D:2      | Identified the +1 chain mail of Life {Str+3} (You bought it
                  | in a shop on level 2 of the Dungeon)
  4944 | D:5      | Found a runed translucent door.
  4944 | D:5      | Noticed Garessta's ghost (novice DECj)
  4970 | D:5      | Noticed a yak
  4974 | D:5      | Noticed a wyvern
  5018 | D:4      | Killed a wyvern
  5019 | D:4      | Reached XP level 8. HP: 17/67 MP: 12/12
  5275 | D:4      | Killed a yak
  5619 | D:5      | Found a shimmering altar of Xom.
  5712 | D:5      | HP: 3/67 [poisoned by an orc]
  5715 | D:5      | HP: 1/67 [poisoned by an orc]
  6374 | D:5      | Killed Garessta's ghost
  6688 | D:6      | Reached XP level 9. HP: 57/72 MP: 14/14
  6951 | D:6      | Reached **** piety under Lugonu
  6981 | D:6      | Noticed Pikel
  7175 | D:6      | Killed Pikel
  7176 | D:6      | Reached skill level 5 in Dodging
  7202 | D:6      | Reached skill level 5 in Polearms
  7429 | D:6      | Reached skill level 8 in Fighting
  7709 | D:6      | Found a staircase to the Ecumenical Temple.
  8120 | D:7      | Reached XP level 10. HP: 71/80 MP: 17/17
  8188 | D:7      | Noticed a six-headed hydra
  8299 | D:7      | Banished a six-headed hydra
  8300 | D:7      | Reached skill level 5 in Short Blades
  8300 | D:7      | Reached skill level 5 in Long Blades
  8300 | D:7      | Reached skill level 5 in Maces & Flails
  8300 | D:7      | Reached skill level 5 in Staves
  8300 | D:7      | Reached skill level 5 in Slings
  8300 | D:7      | Reached skill level 5 in Bows
  8300 | D:7      | Reached skill level 5 in Crossbows
  8300 | D:7      | Reached skill level 5 in Throwing
  8300 | D:7      | Reached skill level 5 in Stealth
  8300 | D:7      | Reached skill level 5 in Shields
  8300 | D:7      | Reached skill level 5 in Unarmed Combat
  8300 | D:7      | Reached skill level 5 in Spellcasting
  8300 | D:7      | Reached skill level 5 in Evocations
  9290 | D:7      | Found an iron altar of Okawaru.
  9298 | D:7      | Found a radiant altar of Vehumet.
  9917 | D:8      | Found a staircase to the Lair.
 11039 | D:8      | Reached XP level 11. HP: 52/87 MP: 19/19
 11056 | D:8      | Slain by a shadow

Illustrated notes

Levels and vault maps discovered:
D:1:      lemuel_arrival_behind_the_door_small, layout_loops_ring,
          minmay_tetromino_s2
D:2:      layout_basic, shapermc_ecumenical_altar_acropolis, serial_shops,
          nicolae_shop_statue_plus
D:3:      layout_loops_ring, kennysheep_generic_room_3
D:4:      layout_cave_pools, mainiacjoe_overflow_paths, serial_bayou_lake_a
D:5:      layout_basic, kennysheep_little_box, gammafunk_ghost_grave,
          minmay_manual_mail
D:6:      layout_rooms, temple_doors_e, uniq_pikel
D:7:      layout_loops_ring, amethyst_overflow_temple_binary, minmay_checkerbox
D:8:      layout_gridville, due_lair_maze_entry_diamond

Skill      XL: |  1  2  3  4  5  6  7  8  9 10 |
---------------+-------------------------------+-----
Short Blades   | 1 2 3 4 5 |  5.8
Long Blades    | 1 2 3 4 5 |  5.8
Maces & Flails | 1 2 3 4 5 |  5.8
Polearms       | 1 2 3 4 5 7 |  7.5
Staves         | 1 2 3 4 5 |  5.8
Slings         | 1 2 3 4 5 |  5.8
Bows           | 1 2 3 4 5 |  5.8
Crossbows      | 1 2 3 4 5 |  5.8
Throwing       | 1 2 3 4 5 |  5.8
Stealth        | 1 2 3 4 5 |  5.8
Shields        | 1 2 3 4 5 |  5.8
Unarmed Combat | 1 2 3 4 5 |  5.8
Spellcasting   | 1 2 3 4 5 |  5.8
Evocations     | 1 2 3 4 5 |  5.8
Conjurations   | 1 2 3 4 |  4.8
Hexes          | 1 2 3 4 |  4.8
Summonings     | 1 2 3 4 |  4.8
Necromancy     | 1 2 3 4 |  4.8
Translocations | 1 2 3 4 |  4.8
Transmutations | 1 2 3 4 |  4.8
Fire Magic     | 1 2 3 4 |  4.8
Ice Magic      | 1 2 3 4 |  4.8
Air Magic      | 1 2 3 4 |  4.8
Earth Magic    | 1 2 3 4 |  4.8
Poison Magic   | 1 2 3 4 |  4.8
Dodging        | 3 4 5 6 |  6.4
Invocations    | 5 6 7 |  7.9
Axes           | 5 6 7 |  7.5
Armour         | 5 6 7 |  7.5
Fighting       | 7 8 |  8.9

Action                   |  1- 3 |  4- 6 |  7- 9 | 10-12 || total
-------------------------+-------+-------+-------+-------++-------
Melee: Hand axe          |    96 |   186 |   365 |   259 ||   906
       Bite              |     8 |    15 |    44 |    41 ||   108
       Punch             |       |       |     6 |       ||     6
Throw: Dart              |     2 |       |       |       ||     2
Invok: Depart the Abyss  |     1 |       |       |       ||     1
       Banish            |       |       |       |     2 ||     2
  Use: Potion            |     2 |     3 |       |       ||     5
       Scroll            |       |     8 |     4 |     3 ||    15
Armor: Chain mail        |    96 |   118 |   218 |   130 ||   562
Dodge: Dodged            |    28 |    52 |   136 |   113 ||   329
Block: Other             |       |    12 |    96 |     5 ||   113
       Reflection        |       |       |     4 |     1 ||     5
       Buckler           |       |       |       |   132 ||   132

Table legend: (Time is in decaauts)
 A = Elapsed time spent in this place.
 B = Non-inter-level travel time spent in this place.
 C = Inter-level travel time spent in this place.
 D = Time resting spent in this place.
 E = Time spent auto-exploring this place.
 F = Levels seen in this place.
 G = Mean time per level.
                   A        B        C        D        E       F      G
               +--------+--------+--------+--------+--------+-----+--------+
         Total |  11093 |  10674 |    419 |   1730 |   6982 |  10 | 1109.3 |
       Dungeon |  10347 |   9928 |    419 |   1730 |   6336 |   8 | 1293.4 |
         Abyss |    746 |    746 |      0 |      0 |    646 |   2 |  373.0 |
               +--------+--------+--------+--------+--------+-----+--------+

Top non-repeatable levels by time:
     D:7: 1979 daAuts
     D:5: 1728 daAuts
     D:4: 1415 daAuts
     D:6: 1332 daAuts
     D:2: 1160 daAuts
     D:3: 1093 daAuts
     D:8: 874 daAuts
     D:1: 764 daAuts
 Abyss:1: 722 daAuts
 Abyss:2: 23 daAuts
